 Dungeon Crawl Stone Soup version 0.27-a0-909-g0721f309d1 (webtiles) character file.

Game seed: 3076225605181040565

10 Alarkh the Insei (level 2, 11/21 HPs)
             Began as a Demonspawn Transmuter on Apr 8, 2021.
             Got out of the dungeon alive.
             The game lasted 00:00:19 (349 turns).

Alarkh the Insei (Demonspawn Transmuter)             Turns: 349, Time: 00:00:19

Health: 11/21      AC:  2    Str: 10    XL:     2   Next: 10%
Magic:  5/5        EV: 14    Int: 14    God:
Gold:   0          SH:  0    Dex: 13    Spells: 4/5 levels left

rFire    . . .     SeeInvis .     - Unarmed
rCold    . . .     Faith    .   (no shield)
rNeg     . . .     Spirit   .   a - +0 robe
rPois    .         Reflect  .   (no helmet)
rElec    .         Harm     .   (no cloak)
rCorr    .         Rampage  .   (no gloves)
Will     .....                  (no boots)
Stlth    +.........             (no amulet)
HPRegen  0.07/turn              (no ring)
MPRegen  0.09/turn              (no ring)

@: no status effects
A: repulsion field 1
a: no special abilities


You escaped.
You visited 1 branch of the dungeon, and saw 1 of its levels.

Inventory:

Armour
 a - a +0 robe (worn)
Potions
 b - a potion of curing {unknown}


   Skills:
 + Level 1.4 Fighting
 - Level 1.7 Dodging
 * Level 3.1 Unarmed Combat
 - Level 2.0 Spellcasting
 - Level 1.7 Transmutations


You had 4 spell levels left.
You knew the following spells:

 Your Spells              Type           Power      Damage    Failure   Level
a - Beastly Appendage     Tmut           12%        N/A       12%         1

Your spell library contained the following spells:

 Spells                   Type           Power      Damage    Failure   Level
 Wereblood                Tmut           6%         N/A       17%         2
 Spider Form              Tmut/Pois      1%         N/A       45%         3
 Ice Form                 Ice/Tmut       3%         N/A       86%         4
 Hydra Form               Tmut           3%         N/A       97%         5


Dungeon Overview and Level Annotations

Branches:
Dungeon (1/15)

Altars:


Innate Abilities, Weirdness & Mutations

You are surrounded by a mild repulsion field. (EV +2)


Message History

You are too injured to fight recklessly!
You are too injured to fight recklessly!
You are too injured to fight recklessly!
You are too injured to fight recklessly!
You are too injured to fight recklessly!
You are too injured to fight recklessly!
You are too injured to fight recklessly!
You are too injured to fight recklessly!
You are too injured to fight recklessly!
Casting: Beastly Appendage (safe; 12% risk of failure)
Confirm with . or Enter, or press ? or * to list all spells.
You grow a pair of large bovine horns.
Your feet morph into talons.
The hobgoblin hits you.
* * * LOW HITPOINT WARNING * * *
Unknown command.
You closely miss the hobgoblin. You claw the hobgoblin.
You kill the hobgoblin!
The dart slug launches a dart at you. The slug dart misses you.
You hit the dart slug. Your headbutt misses the dart slug.
The dart slug is heavily wounded.
The dart slug barely misses you.
You hit the dart slug. Your kick misses the dart slug.
The dart slug is severely wounded.
The dart slug barely misses you.
You hit the dart slug.
You kill the dart slug!
You have reached level 2!
Your demonic ancestry asserts itself...
You begin to radiate repulsive energy.
You start resting.
Your transformation is almost over.
You start resting.
Magic restored.
Your horns disappear.
Your talons disappear.
Things that are here:
a +0 dagger; a goblin skeleton
There is a staircase leading out of the dungeon here.
Are you sure you want to leave the Dungeon?
This will make you lose the game!
You have escaped!

##.## ##.## ..$
##...###...## ###
#....'.'...)#
##(..#+#...##
##.##.##.## ..
##'##.##'## .####.#
##.##...##.##.#.....
#.##.....##.#.#....#
##'...@...'##.#....#
###.....####......#
##...## #.#....####
##.######>.........
#.# #.............
#.###.............
#........^........
#####.[.....รท.....
#......)......


There were no monsters in sight!

Vanquished Creatures
  A dart slug (D:1)
  A goblin (D:1)
  2 hobgoblins (D:1)
  2 ball pythons (D:1)
  2 bats (D:1)
8 creatures vanquished.

Notes
Turn   | Place    | Note
-------+----------+-------------------------------------------
     0 | D:1      | Alarkh the Demonspawn Transmuter began the quest for the
                  | Orb.
     0 | D:1      | Reached XP level 1. HP: 15/15 MP: 3/3
   202 | D:1      | Reached skill level 3 in Unarmed Combat
   281 | D:1      | Gained mutation: You are surrounded by a mild repulsion
                  | field. (EV +2) [demonic ancestry]
   281 | D:1      | Reached XP level 2. HP: 6/21 MP: 3/5
   349 | D:$      | Got out of the dungeon alive.

Illustrated notes

Levels and vault maps discovered:
D:1:      dpeg_arrival_rhombi, layout_basic, basic_ecumenical_altar

Skill      XL: |  1 |
---------------+----+-----
Unarmed Combat | 3 |  3.1
Fighting       | |  1.4
Dodging        | |  1.7
Spellcasting   | |  2.0
Transmutations | |  1.7

Action                   || total
-------------------------++-------
Melee: Unarmed           ||    26
       Kick              ||     1
 Cast: Beastly Appendage ||     1
 Stab: Sleeping          ||     1
Armor: Robe              ||     7
Dodge: Dodged            ||    18

Table legend: (Time is in decaauts)
 A = Elapsed time spent in this place.
 B = Non-inter-level travel time spent in this place.
 C = Inter-level travel time spent in this place.
 D = Time resting spent in this place.
 E = Time spent auto-exploring this place.
 F = Levels seen in this place.
 G = Mean time per level.
                   A        B        C        D        E       F      G
               +--------+--------+--------+--------+--------+-----+--------+
         Total |    347 |    286 |     61 |      6 |    227 |   1 |  347.0 |
       Dungeon |    347 |    286 |     61 |      6 |    227 |   1 |  347.0 |
               +--------+--------+--------+--------+--------+-----+--------+

Top non-repeatable levels by time:
     D:1: 347 daAuts
